 Dungeon Crawl Stone Soup version 0.29-a0-284-gf9362112df (webtiles) character file.

Game seed: 10280712991196613600

263 bwicke the Conjurer (level 5, -3/28 HPs)
             Began as a Deep Elf Conjurer on Mar 30, 2022.
             Was a Follower of Vehumet.
             Slain by a gnoll
             ... wielding a +0 club
              (4 damage)
             ... on level 4 of the Dungeon.
             The game lasted 00:12:00 (3267 turns).

bwicke the Conjurer (Deep Elf Conjurer)             Turns: 3267, Time: 00:12:01

Health: -3/28      AC:  3    Str: 12    XL:     5   Next: 98%
Magic:  3/13       EV: 12    Int: 25    God:    Vehumet [*.....]
Gold:   1155       SH:  0    Dex: 13    Spells: 2/12 levels left

rFire   . . .      SeeInvis .   o - +9 dagger "Killer Bee's Doom" {vorpal, *Slow rElec rPois Str+8}
rCold   . . .      Faith    .   (no shield)
rNeg    . . .      Spirit   .   a - +0 robe
rPois   +          Reflect  .   (no helmet)
rElec   +          Harm     .   (no cloak)
rCorr   .          Rampage  .   (no gloves)
Will    .....                   d - +0 pair of boots
Stlth   ++........              (no amulet)
HPRegen 0.09/turn               (no ring)
MPRegen 0.13/turn               (no ring)

@: about to teleport
A: no striking features
a: Renounce Religion


You were on level 4 of the Dungeon.
You worshipped Vehumet.
Vehumet was aware of your devotion.
You visited 1 branch of the dungeon, and saw 4 of its levels.

You collected 1155 gold pieces.

Inventory:

Hand Weapons
 e - a +0 club
 g - a +0 hand axe
 h - a +0 dagger
 k - a +0 spear
 n - a +0 scimitar
 o - the +9 dagger "Killer Bee's Doom" (weapon) {vorpal, *Slow rElec rPois Str+8}
   (You found it on level 3 of the Dungeon)

   It inflicts extra damage upon your enemies.
   Str:       It affects your strength (+8).
   rElec:     It insulates you from electricity.
   rPois:     It protects you from poison.
   *Slow:     It may slow you when you take damage.
Missiles
 f - 85 stones
Armour
 a - a +0 robe (worn)
 d - a +0 pair of boots (worn)
Wands
 l - a wand of charming (5)
Scrolls
 c - a scroll of vulnerability
 i - a scroll of torment
 j - 2 scrolls of summoning
 p - a scroll of magic mapping {unknown}
 r - a scroll of immolation {unknown}
Potions
 b - a potion of magic
 m - 2 potions of might


   Skills:
 - Level 2.4 Dodging
 - Level 2.4 Stealth
 - Level 4.4 Spellcasting
 + Level 6.4 Conjurations
 - Level 4.3 Hexes


You had 2 spell levels left.
You knew the following spells:

 Your Spells              Type           Power      Damage    Failure   Level
a - Magic Dart            Conj           100%       1d8       1%          1
b - Searing Ray           Conj           74%        2d7       1%          2
c - Dazzling Flash        Conj/Hex       64%        N/A       3%          3
d - Fulminant Prism       Conj/Hex       16%        3d11      10%         4

Your spell library contained the following spells:

 Spells                   Type           Power      Damage    Failure   Level
 Foxfire                  Conj/Fire      84%        2x1d8     2%          1
 Iskenderun's Mystic Bla  Conj/Tloc      21%        2d6       24%         4


Dungeon Overview and Level Annotations

Branches:
Dungeon (4/15)
 Temple: D:4-7

Altars:
Vehumet
Yredelemnul


Message History

You kill the gnoll!
Vehumet accepts your kill.
You feel your power returning.
The searing ray hits the jackal!
You kill the jackal!
Vehumet accepts your kill. The jackal barely misses you. The jackal bites you.
The searing ray hits the gnoll!
The gnoll is almost dead.
The jackal bites you but does no damage. x2
The gnoll hits you from afar with a +0 halberd!
The searing ray hits the gnoll.
You kill the gnoll!
Vehumet accepts your kill.
The searing ray hits the gnoll.
The gnoll is heavily wounded.
You finish channelling your searing ray.
The jackal closely misses you. The jackal bites you.
* * * LOW HITPOINT WARNING * * *
Your magical contamination has completely faded away.
You hit the jackal but do no damage.
The jackal bites you but does no damage.
The jackal bites you.
* * * LOW HITPOINT WARNING * * *
The gnoll hits you with a +0 club.
* * * LOW HITPOINT WARNING * * *
Okay, then.
Okay, then.
Okay, then.
Okay, then.
Casting: Searing Ray (safe; 1% risk of failure)
Confirm with . or Enter, or press ? or * to list all spells.
Okay, then.
Okay, then.
As you read the scroll labelled YGIHIN VIUSHRON, it crumbles to dust.
You feel strangely unstable.
It was a scroll of teleportation.
You feel yourself speed up. The jackal barely misses you.
The jackal closely misses you. The gnoll closely misses you.
The gnoll attacks as you move away! The gnoll hits you with a +0 club.
You die...

......8
.......
....<)8
.......
.......
..†....####
#...†).##
#.####)h##
##g@####
#......#
#......#
..........#
####......#
#......#
########


You could see a gnoll and a jackal.

Vanquished Creatures
  2 scorpions
  2 adders (D:2)
  7 gnolls
  A dart slug (D:2)
  6 ball pythons
  3 bats (D:1)
  3 endoplasms (D:1)
  4 giant cockroaches
  7 hobgoblins
  6 jackals
  3 quokkas (D:1)
  4 frilled lizards
  3 goblins
  4 kobolds
  5 rats
60 creatures vanquished.

Vanquished Creatures (others)
  A fulminant prism (D:4)
1 creature vanquished.

Grand Total: 61 creatures vanquished

Notes
Turn   | Place    | Note
-------+----------+-------------------------------------------
     0 | D:1      | bwicke the Deep Elf Conjurer began the quest for the Orb.
     0 | D:1      | Reached XP level 1. HP: 10/10 MP: 6/6
   196 | D:1      | Reached XP level 2. HP: 8/15 MP: 4/8
   198 | D:1      | Reached skill level 5 in Conjurations
   201 | D:1      | Learned a level 2 spell: Searing Ray
   763 | D:1      | Reached XP level 3. HP: 14/19 MP: 6/9
   767 | D:1      | Learned a level 3 spell: Dazzling Flash
  1144 | D:1      | Identified a scroll of acquirement
  1145 | D:1      | Acquired 1008 gold pieces
  1317 | D:2      | Found a radiant altar of Vehumet.
  1324 | D:2      | Became a worshipper of Vehumet
  1503 | D:2      | Found a faded altar of an unknown god.
  2233 | D:3      | Found a basalt altar of Yredelemnul.
  2243 | D:3      | Reached XP level 4. HP: 24/24 MP: 8/12
  2334 | D:3      | Identified the +9 dagger "Killer Bee's Doom" {vorpal, *Slow
                  | rElec rPois Str+8}
  2699 | D:3      | Reached skill level 1 in Hexes
  2794 | D:3      | Learned a level 4 spell: Fulminant Prism
  2814 | D:3      | Noticed a scorpion
  2820 | D:3      | Killed a scorpion
  2821 | D:3      | Reached XP level 5. HP: 25/28 MP: 8/13
  3255 | D:4      | Reached * piety under Vehumet
  3255 | D:4      | Offered knowledge of Foxfire by Vehumet.
  3256 | D:4      | Reached skill level 6 in Conjurations
  3264 | D:4      | HP: 1/28 [gnoll/+0 club (6)]
  3267 | D:4      | Slain by a gnoll

Illustrated notes

Levels and vault maps discovered:
D:1:      saegor_arrival_simple_d, layout_loops_ring
D:2:      layout_loops_cross, nicolae_ecumenical_snake_handling, basic_altar,
          serial_bayou_lagoon_a
D:3:      layout_basic, mainiacjoe_overflow_brackets
D:4:      layout_rooms, lemuel_tele_altar, eat_drink_and_be_merry_uskayaw,
          minmay_temple_entry_sparse_star, uniq_menkaure

Skill      XL: |  1  2  3  4  5 |
---------------+----------------+-----
Conjurations   | 5 6 |  6.4
Spellcasting   | 4 |  4.4
Hexes          | 4 |  4.3
Dodging        | |  2.4
Stealth        | |  2.4

Action                   |  1- 3 |  4- 6 || total
-------------------------+-------+-------++-------
Melee: Unarmed           |     1 |       ||     1
       Dagger            |    25 |    14 ||    39
       Club              |     2 |       ||     2
 Cast: Magic Dart        |    63 |    20 ||    83
       Searing Ray       |     4 |     2 ||     6
       Fulminant Prism   |       |     1 ||     1
  Use: Scroll            |     4 |     3 ||     7
       Potion            |     1 |       ||     1
 Stab: Sleeping          |     5 |     2 ||     7
Armor: Robe              |    12 |     4 ||    16
Dodge: Dodged            |    34 |    13 ||    47

Table legend: (Time is in decaauts)
 A = Elapsed time spent in this place.
 B = Non-inter-level travel time spent in this place.
 C = Inter-level travel time spent in this place.
 D = Time resting spent in this place.
 E = Time spent auto-exploring this place.
 F = Levels seen in this place.
 G = Mean time per level.
                   A        B        C        D        E       F      G
               +--------+--------+--------+--------+--------+-----+--------+
         Total |   3275 |   3209 |     66 |    354 |   2291 |   4 |  818.8 |
       Dungeon |   3275 |   3209 |     66 |    354 |   2291 |   4 |  818.8 |
               +--------+--------+--------+--------+--------+-----+--------+

Top non-repeatable levels by time:
     D:1: 1309 daAuts
     D:3: 1036 daAuts
     D:2: 899 daAuts
     D:4: 29 daAuts
